 Dungeon Crawl Stone Soup version 0.22.2-1-ge965b3aba3 (webtiles) character file.

91333 Freitmort the Eclecticist (level 15, -13/76 HPs)
             Began as a Deep Elf Conjurer on Apr 10, 2019.
             Was a High Priest of Vehumet.
             Mangled by a tentacle (25 damage)
             ... attached to a kraken
             ... on level 2 of the Shoals on July 1, 2019.
             The game lasted 06:30:03 (42685 turns).

Freitmort the Eclecticist (Deep Elf Conjurer)      Turns: 42685, Time: 06:30:04

Health: -13/76     AC:  9    Str:  7    XL:     15   Next: 54%
Magic:  30/41      EV: 17    Int: 25    God:    Vehumet [*****.]
Gold:   725        SH:  0    Dex: 15    Spells: 7/54 levels left

rFire    . . .     SeeInvis .   D - staff of cold
rCold    + + .     Gourm    .   (no shield)
rNeg     . . .     Faith    .   e - +2 robe {MR+}
rPois    .         Spirit   .   (no helmet)
rElec    .         Reflect  .   G - scarf {cloud immunity}
rCorr    +         Harm     .   A - +1 pair of gloves
MR       ++...                  U - +2 pair of boots
Stlth    +++.......             i - amulet of regeneration
HPRegen  0.62/turn              E - ring of protection from cold
MPRegen  0.27/turn              B - ring of resist corrosion

@: about to teleport
A: no striking features
a: Renounce Religion


You were on level 2 of the Shoals.
You worshipped Vehumet.
Vehumet was extremely pleased with you.
You were not hungry.

You visited 6 branches of the dungeon, and saw 27 of its levels.
You also visited: Volcano.

You collected 2066 gold pieces.
You spent 1341 gold pieces at shops.

Inventory:

Hand Weapons
 q - the +3 war axe "Veefun" {flame, rElec rPois rF+ rC- Str+9}
   (You found it on level 2 of the Lair of Beasts)

   It has been specially enchanted to burn those struck by it, causing extra
   injury to most foes and up to half again as much damage against particularly
   susceptible opponents.
   Big, fiery blades are also staple armaments of hydra-hunters.
   It affects your strength (+9).
   It protects you from fire.
   It makes you vulnerable to cold.
   It insulates you from electricity.
   It protects you from poison.
 I - a +0 blowgun
 N - a +4 shortbow of freezing
Missiles
 p - 90 poisoned needles
 O - 553 arrows
 S - 7 curare-tipped needles
Armour
 d - the +1 chain mail "Ifach" {rF- Regen+ Int+3}
   (You found it on level 3 of the Lair of Beasts)

   It affects your intelligence (+3).
   It makes you vulnerable to fire.
   It increases your rate of regeneration.
 e - a +2 robe of magic resistance (worn)
 u - a +0 robe of fire resistance
 A - a +1 pair of gloves (worn)
 F - a +0 cloak
 G - a scarf of cloud immunity (worn)
 U - a +2 pair of boots (worn)
Magical Staves
 g - an uncursed staff of death
 D - an uncursed staff of cold (weapon)
 K - an uncursed staff of conjuration
Jewellery
 b - an uncursed ring of poison resistance
 f - an uncursed ring of ice
 i - an amulet of regeneration (around neck)
 l - an uncursed ring of protection from magic
 r - an uncursed ring of see invisible
 B - a ring of resist corrosion (right hand)
 C - an uncursed ring of positive energy
 E - a ring of protection from cold (left hand)
 P - a +5 ring of intelligence
Wands
 h - a wand of clouds (9)
 v - a wand of digging (10)
 z - a wand of scattershot (8)
 T - a wand of acid (6)
 X - a wand of iceblast (16)
Scrolls
 j - 9 scrolls of remove curse
 k - 5 scrolls of fear
 m - a scroll of torment {unknown}
 o - 3 scrolls of identify
 x - 2 scrolls of teleportation
 L - a scroll of amnesia
 Y - a scroll of fog
Potions
 a - 2 potions of brilliance
 n - 10 potions of curing
 s - 5 potions of resistance
 t - 4 potions of flight
 w - 5 potions of agility
 J - a potion of magic
 Q - 5 potions of cancellation
 R - a potion of haste
 W - a potion of invisibility
 Z - a potion of heal wounds
Miscellaneous
 y - a box of beasts
 H - a lightning rod (4/4)
 M - a sack of spiders
Comestibles
 c - 23 rations


   Skills:
 + Level 2.5 Fighting
 + Level 7.6 Dodging
 + Level 5.9 Stealth
 + Level 20.0 Spellcasting
 + Level 14.9 Conjurations
 + Level 1.0 Translocations
 * Level 10.2 Fire Magic
 - Level 10.2 Ice Magic
 - Level 5.1 Air Magic
 - Level 8.2 Earth Magic
 + Level 5.1 Evocations


You had 7 spell levels left.
You knew the following spells:

 Your Spells              Type           Power        Failure   Level  Hunger
a - Magic Dart            Conj           ####         0%          1    None
b - Searing Ray           Conj           ######       0%          2    None
c - Stone Arrow           Conj/Erth      ######       1%          3    None
d - Flame Tongue          Conj/Fire      #####        0%          1    None
e - Conjure Flame         Conj/Fire      ######..     1%          3    None
f - Apportation           Tloc           ####..       1%          1    None
g - Throw Icicle          Conj/Ice       #######.     1%          4    None
h - Bolt of Cold          Conj/Ice       #######...   1%          6    ##.....
i - Freezing Cloud        Conj/Ice/Air   #######...   1%          6    ##.....
j - Airstrike             Air            ######....   1%          4    None
k - Bolt of Magma         Conj/Fire/Erth ######....   1%          5    None
l - Iron Shot             Conj/Erth      ######....   1%          6    ##.....
m - Fireball              Conj/Fire      ######....   1%          5    None

Your spell library contained the following spells:

 Spells                   Type           Power        Failure   Level  Hunger
 Throw Frost              Conj/Ice       ######       0%          2    None
 Animate Skeleton         Necr           N/A          1%          1    None
 Beastly Appendage        Tmut           ####..       1%          1    None
 Corona                   Hex            ####...      1%          1    None
 Freeze                   Ice            ####         1%          1    None
 Pain                     Necr           ####         1%          1    None
 Sandblast                Erth           ######       1%          1    None
 Sting                    Conj/Pois      ####         1%          1    None
 Summon Butterflies       Summ           ####....     1%          1    None
 Summon Small Mammal      Summ           ####         1%          1    None
 Ensorcelled Hibernation  Hex/Ice        ######       1%          2    None
 Passwall                 Tmut/Erth      #####...     1%          2    None
 Dazzling Spray           Conj/Hex       ######       1%          3    None
 Ozocubu's Armour         Chrm/Ice       ######..     1%          3    None
 Force Lance              Conj/Tloc      ######..     1%          4    None
 Fulminant Prism          Conj/Hex       ######....   1%          4    None
 Iskenderun's Mystic Bla  Conj           #######.     1%          4    None
 Lee's Rapid Deconstruct  Erth           ######....   1%          5    None
 Sticks to Snakes         Tmut           ####....     2%          2    None
 Ice Form                 Ice/Tmut       ######..     2%          4    None
 Summon Ice Beast         Ice/Summ       ######..     2%          4    None
 Lesser Beckoning         Tloc           ####......   3%          3    None
 Leda's Liquefaction      Hex/Erth       #####.....   3%          4    None
 Petrify                  Tmut/Erth      #####...     3%          4    None
 Recall                   Summ/Tloc      N/A          4%          3    None
 Confuse                  Hex            ####....     5%          3    None
 Regeneration             Chrm/Necr      ####......   5%          3    None
 Spider Form              Tmut/Pois      ####......   5%          3    None
 Tukima's Dance           Hex            ####....     5%          3    None
 Vampiric Draining        Necr           ####......   5%          3    None
 Animate Dead             Necr           N/A          17%         4    None
 Spellforged Servitor     Conj/Summ      ######....   17%         7    ####...
 Alistair's Intoxication  Tmut/Pois      ####....     43%         5    None
 Aura of Abjuration       Summ           ####......   43%         5    None
 Blade Hands              Tmut           ####......   43%         5    None
 Statue Form              Tmut/Erth      #####....    45%         6    ##.....
 Invisibility             Hex            ####....     95%         6    ##.....
 Discord                  Hex            ####......   100%        8    ######.
 Shatter                  Erth           ######....   100%        9    #######


Dungeon Overview and Level Annotations

Branches:
Dungeon (15/15)            Temple (1/1) D:6            Lair (6/6) D:10
 Shoals (2/4) Lair:3       Spider (0/4) Lair:3        Slime (0/5) Lair:6
    Orc (2/2) D:12            Elf (1/3) Orc:2        Vaults (0/5) D:14
 Depths: D:15

Altars:
Ashenzari
Cheibriados
Dithmenos
Elyvilon
Fedhas
Gozag
Hepliaklqana
Kikubaaqudgha
Makhleb
Nemelex Xobeh
Okawaru
Qazlal
Ru
Sif Muna
Trog
Uskayaw
Vehumet
Wu Jian
Xom
Yredelemnul
Zin
The Shining One
Jiyva

Shops:
D:9 :   D:13 (   D:14 (:(}   Orc:1 (   Orc:2 =[*}   Elf:1 :   Shoals:1 (

Annotations:
D:2 Terence
D:4 exclusion: oklob plant
D:5 1 runed door
D:15 exclusions: death knight, freezing wraith and skeletal warrior
Lair:1 1 runed door, Azzok's ghost, journeyman OpFE
Lair:6 2 runed doors


Message History

Press: ? - help, Shift-Dir - straight line, f/p - kraken
Aim: a kraken (freezing vapour, water, lightly wounded, slow)
You feel a surge of power!
The bolt of cold hits the tentacle.
The tentacle is almost dead.
The bolt of cold hits the kraken.
The kraken is lightly wounded.
The tentacle slaps you but does no damage.
The tentacle closely misses you.
A tentacle segment bursts forth from the water. x5
The kraken seems to slow down.
The tentacle slaps you!! The tentacle slaps you. The tentacle slaps you!
The tentacle slaps you.
As you read the scroll of teleportation, it crumbles to dust.
You feel strangely unstable. The tentacle closely misses you.
The tentacle slaps you. The tentacle barely misses you. The tentacle slaps you!
* * * LOW HITPOINT WARNING * * *
A tentacle segment bursts forth from the water. x3
The kraken seems to slow down.
The tentacle slaps you.
* * * LOW HITPOINT WARNING * * *
The tentacle closely misses you. x2; The tentacle slaps you!!
You die...

≈≈.≈...≈##..≈≈≈≈≈...
≈.....≈≈...>>≈≈≈...
≈≈≈≈≈≈≈≈.≈≈.......
≈≈≈≈...≈≈≈≈≈..#
≈≈≈.##.≈≈≈≈..## .
≈≈≈.....≈≈≈≈..## ..
≈≈≈≈...≈≈≈≈≈≈..## $.≈
≈≈≈≈≈.≈≈≈≈≈≈≈≈≈.####..≈≈
≈≈≈≈≈≈≈≈≈≈≈≈≈≈≈.@w...$≈≈
≈≈≈≈≈≈≈≈≈≈≈≈≈≈≈www*.≈≈≈≈
≈≈≈≈≈≈≈≈≈≈≈≈≈≈≈≈§≈≈≈≈≈≈≈
≈≈≈≈≈≈≈≈≈≈≈≈≈≈≈≈§≈≈≈≈≈≈≈
≈≈≈≈≈≈≈≈≈≈≈≈≈≈≈§§§≈≈≈≈≈≈
≈≈≈≈≈≈≈≈≈≈≈≈≈≈≈§X§≈≈≈≈≈≈
≈≈≈≈≈≈≈≈≈≈≈≈≈≈≈§§§≈≈≈≈≈≈
≈≈≈≈≈≈≈≈≈≈≈≈≈≈≈≈≈≈§≈≈≈≈≈
≈≈≈≈≈≈≈≈≈≈≈≈≈≈≈≈≈≈≈≈≈≈≈≈


You could see a kraken and 4 tentacles.

Vanquished Creatures
  Rupert (Orc:2)
  A deep elf sorcerer (Elf:1)
  A merfolk impaler (Shoals:1)
  2 fire dragons
  4 hydras
  A merfolk aquamancer (Shoals:1)
  An ogre mage (D:15)
  9 two-headed ogres
  A dancing weapon (Elf:1)
  A merfolk avatar (Shoals:1)
  2 catoblepae (Lair:6)
  3 deep elf knights (Elf:1)
  A wizard (D:15)
  5 sea snakes
  2 lindwurms (Lair:6)
  A swamp dragon (Lair:6)
  8 harpies (Shoals:1)
  A phantasmal warrior (D:14)
  3 orc knights
  3 manticores
  A wolf spider (D:15)
  2 oklob plants
  2 ugly things
  3 salamanders (Volcano)
  3 fauns
  A cyclops (D:14)
  9 elephants
  20 deep elf magi
  A guardian serpent (shapeshifter) (D:14)
  A black mamba (shapeshifter) (D:14)
  Psyche (D:9)
  A water nymph (Shoals:2)
  2 black mambas
  6 spiny frogs
  5 torpor snails (Lair:6)
  6 komodo dragons
  3 trolls
  3 meliai (D:15)
  6 merfolk
  2 wind drakes
  A jumping spider (Lair:3)
  7 hornets (Lair:6)
  4 tyrant leeches (Lair:6)
  13 hippogriffs
  A snapping turtle (Shoals:1)
  A meliai zombie (D:15)
  3 slime creatures (D:13)
  An air elemental (Elf:1)
  Sigmund (D:3)
  29 yaks
  3 hogs (D:7)
  3 fire bats (Volcano)
  6 water elementals
  A shadow (D:10)
  6 humans
  5 redbacks (Lair:3)
  2 wraiths
  Eustachio (D:5)
  7 wyverns
  A vampire (D:14)
  3 steam dragons (Lair:6)
  4 basilisks
  3 hungry ghosts
  6 vampire mosquitoes
  A warg (Orc:1)
  4 acid dragons
  7 water moccasins
  A soldier ant (D:15)
  Duvessa (D:4)
  5 porcupines
  44 orc warriors
  2 swamp drakes (Lair:6)
  8 ice beasts
  2 phantoms
  A black bear (Lair:2)
  2 sky beasts (D:8)
  A necrophage (D:12)
  14 ogres
  2 eyes of draining
  25 centaurs
  4 wolves (Lair:3)
  17 crocodiles
  3 big kobolds
  19 bullfrogs
  An earth elemental (Elf:1)
  A wyvern zombie (D:14)
  Dowan (D:4)
  A water moccasin zombie (D:7)
  5 killer bees
  An electric eel (D:15)
  14 wights
  8 howler monkeys
  5 crimson imps
  A bullfrog zombie (D:7)
  5 centaur skeletons
  2 quasits (D:10)
  7 orc priests
  3 jellies
  2 centaur zombies
  6 hounds
  23 orc wizards
  Jessica (D:2)
  Natasha (thrice) (D:2)
  4 iguanas
  10 worker ants
  3 hound zombies
  A hound skeleton (D:6)
  A worker ant zombie (D:8)
  Robin (D:4)
  11 gnolls
  13 adders
  3 shadow imps
  2 adder skeletons (D:4)
  3 adder zombies
  2 worms
  2 dart slugs
  5 leopard geckos
  86 orcs
  19 bats
  4 giant cockroaches
  14 goblins
  19 hobgoblins
  3 jackals (D:1)
  25 kobolds
  5 quokkas
  2 ball pythons
  2 frilled lizards (D:2)
  A quokka skeleton (D:7)
  6 rats
  9 plants
750 creatures vanquished.

Vanquished Creatures (others)
  A wyvern (Volcano)
  A bush (D:15)
  3 fungi
  42 plants
47 creatures vanquished.

Grand Total: 797 creatures vanquished

Notes
Turn   | Place    | Note
-------+----------+-------------------------------------------
     0 | D:1      | Freitmort the Deep Elf Conjurer began the quest for the
                  | Orb.
     0 | D:1      | Reached XP level 1. HP: 10/10 MP: 6/6
   190 | D:1      | Reached XP level 2. HP: 15/15 MP: 5/8
   220 | D:1      | Learned a level 2 spell: Searing Ray
   393 | D:1      | Reached skill level 5 in Conjurations
   667 | D:1      | Reached XP level 3. HP: 19/19 MP: 3/10
  1194 | D:2      | Noticed Natasha
  1595 | D:1      | Reached XP level 4. HP: 13/24 MP: 7/11
  1901 | D:2      | Killed Natasha
  1904 | D:2      | Reached skill level 4 in Spellcasting
  2116 | D:2      | Reached XP level 5. HP: 28/28 MP: 11/13
  2210 | D:2      | Noticed Terence
  2251 | D:2      | Noticed Jessica
  2262 | D:2      | Killed Jessica
  2365 | D:2      | Noticed Natasha
  2369 | D:2      | Killed Natasha
  2463 | D:2      | Noticed Natasha
  2467 | D:2      | Killed Natasha
  3028 | D:2      | Found a basalt altar of Yredelemnul.
  3241 | D:3      | Reached skill level 5 in Spellcasting
  3463 | D:3      | Found a hazy altar of Hepliaklqana.
  3478 | D:3      | Noticed Sigmund
  3520 | D:3      | Reached XP level 6. HP: 33/33 MP: 11/15
  3894 | D:3      | Killed Sigmund
  3894 | D:3      | Reached skill level 1 in Evocations
  4248 | D:4      | Reached skill level 6 in Spellcasting
  4415 | D:4      | Reached XP level 7. HP: 37/37 MP: 12/18
  4739 | D:4      | Noticed Dowan
  4768 | D:4      | Found a blossoming altar of Fedhas.
  4778 | D:4      | Noticed an oklob plant
  4794 | D:4      | Noticed Robin
  5191 | D:4      | Killed Robin
  5933 | D:4      | Noticed Duvessa
  5998 | D:4      | Killed Duvessa
  5998 | D:4      | Reached skill level 7 in Spellcasting
  6093 | D:4      | Killed Dowan
  6212 | D:5      | Entered Level 5 of the Dungeon
  6573 | D:5      | Found a blossoming altar of Fedhas.
  6664 | D:5      | Noticed Eustachio
  6730 | D:5      | Killed Eustachio
  6730 | D:5      | Reached skill level 8 in Spellcasting
  6730 | D:5      | Reached XP level 8. HP: 38/42 MP: 12/22
  6929 | D:5      | Found a runed door.
  7208 | D:6      | Reached skill level 1 in Fighting
  7511 | D:6      | Found a sparkling altar of Nemelex Xobeh.
  7815 | D:6      | Reached skill level 9 in Spellcasting
  7870 | D:6      | Found a faded altar of an unknown god.
  7870 | D:6      | Found a glowing silver altar of Zin.
  7875 | D:6      | Found a faded altar of an unknown god.
  7877 | D:6      | Found an iron altar of Okawaru.
  7878 | D:6      | Found a hide-covered altar of Uskayaw.
  7986 | D:6      | Found a shattered altar of Ashenzari.
  8190 | D:6      | Reached skill level 5 in Dodging
  8190 | D:6      | Reached skill level 10 in Spellcasting
  8190 | D:6      | Reached XP level 9. HP: 29/47 MP: 6/25
  8332 | D:6      | Learned a level 3 spell: Stone Arrow
  8597 | D:6      | Found a staircase to the Ecumenical Temple.
  8724 | D:6      | Reached skill level 1 in Earth Magic
  9821 | D:7      | Found an iron altar of Okawaru.
 10055 | Temple   | Entered the Ecumenical Temple
 10074 | Temple   | Became a worshipper of Vehumet
 10272 | D:7      | Reached skill level 10 in Conjurations
 10293 | D:7      | Reached skill level 11 in Spellcasting
 10684 | D:8      | Reached XP level 10. HP: 53/53 MP: 16/27
 11386 | D:7      | Reached skill level 12 in Spellcasting
 11515 | D:8      | Reached * piety under Vehumet
 11515 | D:8      | Offered knowledge of Flame Tongue by Vehumet.
 11518 | D:8      | Learned a level 1 spell: Flame Tongue
 12039 | D:8      | Reached skill level 1 in Fire Magic
 12288 | D:9      | Reached skill level 5 in Earth Magic
 12436 | D:9      | Found Suwiocof's Book Shop.
 12661 | D:9      | Noticed a two-headed ogre
 12669 | D:9      | Killed a two-headed ogre
 12669 | D:9      | Reached skill level 5 in Stealth
 12951 | D:9      | Noticed Psyche
 13001 | D:9      | Killed Psyche
 13134 | D:9      | Reached ** piety under Vehumet
 13134 | D:9      | Offered knowledge of Freeze by Vehumet.
 13823 | D:9      | Reached skill level 13 in Spellcasting
 13991 | D:10     | Entered Level 10 of the Dungeon
 14077 | D:10     | Reached XP level 11. HP: 57/57 MP: 23/30
 14581 | D:10     | Offered knowledge of Ignite Poison by Vehumet.
 14963 | D:10     | Reached *** piety under Vehumet
 15063 | D:10     | Found a staircase to the Lair.
 15076 | Lair:1   | Entered Level 1 of the Lair of Beasts
 15804 | D:11     | Offered knowledge of Olgreb's Toxic Radiance by Vehumet.
 16920 | D:12     | Found a staircase to the Orcish Mines.
 16934 | D:12     | Noticed a brown ugly thing
 16938 | D:12     | Killed a brown ugly thing
 16938 | D:12     | Reached skill level 14 in Spellcasting
 17054 | D:13     | Reached skill level 5 in Fire Magic
 17229 | D:13     | Found Romudgho's Weapon Emporium.
 17533 | D:13     | Reached **** piety under Vehumet
 17890 | D:14     | Offered knowledge of Conjure Flame by Vehumet.
 17895 | D:14     | Learned a level 3 spell: Conjure Flame
 18304 | D:14     | Found Cupaaci's Antique Weapon Emporium.
 18771 | Lair:1   | Found a runed door.
 18772 | Lair:1   | Noticed Azzok's ghost (journeyman OpFE)
 18788 | Lair:1   | Reached XP level 12. HP: 62/62 MP: 17/32
 20268 | Lair:2   | Found a radiant altar of Vehumet.
 20701 | Lair:2   | Noticed an eight-headed hydra
 20710 | Lair:2   | Killed an eight-headed hydra
 20829 | Lair:2   | Got a scorched war axe
 20866 | Lair:2   | Identified the +3 war axe "Veefun" {flame, rElec rPois rF+
                  | rC- Str+9} (You found it on level 2 of the Lair of Beasts)
 21151 | Lair:3   | Reached skill level 15 in Spellcasting
 21197 | Lair:3   | Got a polished ring mail
 21208 | Lair:3   | Identified the +6 ring mail of Death Resistance {MR+ Dex+7}
                  | (You found it on level 3 of the Lair of Beasts)
 21342 | Lair:3   | Learned a level 1 spell: Apportation
 21427 | Lair:3   | Reached ***** piety under Vehumet
 21440 | Lair:3   | Offered knowledge of Throw Icicle by Vehumet.
 21446 | Lair:3   | Learned a level 4 spell: Throw Icicle
 21966 | Lair:3   | Reached skill level 1 in Translocations
 21969 | Lair:3   | Found a hole to the Spider Nest.
 22267 | Lair:3   | Found a staircase to the Shoals.
 22668 | Lair:4   | Reached skill level 1 in Ice Magic
 23580 | Lair:4   | Reached skill level 5 in Evocations
 23811 | Lair:5   | Identified a scroll of acquirement
 23811 | Lair:5   | Identified Sif Muna's Compendium of the Glacier (You
                  | acquired it on level 5 of the Lair of Beasts)
 23822 | Lair:5   | Learned a level 6 spell: Bolt of Cold
 23829 | Lair:5   | Learned a level 6 spell: Freezing Cloud
 23856 | Lair:5   | Got a faintly humming leather armour
 23867 | Lair:5   | Identified the +1 leather armour of Gravitas {rC+} (You
                  | found it on level 5 of the Lair of Beasts)
 24344 | Lair:5   | Noticed a four-headed hydra
 24348 | Lair:5   | Killed a four-headed hydra
 24905 | Lair:5   | Reached skill level 1 in Air Magic
 25070 | Lair:6   | Entered Level 6 of the Lair of Beasts
 25075 | Lair:6   | Reached XP level 13. HP: 67/67 MP: 21/34
 25317 | Lair:6   | Reached skill level 16 in Spellcasting
 25331 | Lair:6   | Found a dark tunnel.
 25340 | Volcano  | Entered a volcano
 25566 | Volcano  | Reached skill level 5 in Ice Magic
 26311 | Volcano  | Noticed a fire dragon
 26316 | Volcano  | Killed a fire dragon
 27728 | Lair:6   | Reached skill level 17 in Spellcasting
 27802 | Lair:6   | Found a runed door.
 27803 | Lair:6   | Found a viscous altar of Jiyva.
 27804 | Lair:6   | Found a staircase to the Slime Pits.
 28505 | Lair:6   | Noticed a fire dragon
 28510 | Lair:6   | Killed a fire dragon
 28870 | Lair:6   | Found a runed door.
 29033 | Lair:6   | Paralysed by a hornet for 3 turns
 29515 | Lair:6   | Reached XP level 14. HP: 72/72 MP: 15/37
 30349 | Lair:3   | Got a warped chain mail
 30405 | Lair:3   | Identified the +1 chain mail "Ifach" {rF- Regen+ Int+3}
                  | (You found it on level 3 of the Lair of Beasts)
 30779 | Orc:1    | Entered Level 1 of the Orcish Mines
 31938 | Orc:1    | Offered knowledge of Airstrike by Vehumet.
 32044 | Orc:1    | Learned a level 4 spell: Airstrike
 32286 | Orc:1    | Found Piomoqaw's Antique Weapon Boutique.
 32605 | Orc:2    | Entered Level 2 of the Orcish Mines
 32605 | Orc:2    | Found a staircase to the Elven Halls.
 32652 | Orc:2    | Noticed Rupert
 32659 | Orc:2    | Killed Rupert
 32773 | Orc:2    | Found a bloodstained altar of Trog.
 33084 | Orc:2    | Reached skill level 5 in Air Magic
 33177 | Orc:2    | Reached skill level 10 in Ice Magic
 33520 | Orc:2    | Reached skill level 18 in Spellcasting
 34458 | Orc:2    | Found Uppiakk's General Store.
 34458 | Orc:2    | Found Xaudghea's Antique Armour Shoppe.
 34469 | Orc:2    | Found Rise's Gadget Shop.
 34472 | Orc:2    | Found Ymigoh's Jewellery Emporium.
 34477 | Orc:2    | Bought a potion of magic for 104 gold pieces
 35493 | D:14     | Found Umosuiph's Book Emporium.
 35532 | D:14     | Bought the Collected Works on the Enthralling Entourage for
                  | 1237 gold pieces
 35550 | D:14     | Found a sacrificial altar of Ru.
 35902 | D:14     | Found Xaojor's Gadget Shoppe.
 35944 | D:14     | Found Pataleyt's Weapon Boutique.
 36085 | D:14     | Found a gate to the Vaults.
 36235 | D:15     | Entered Level 15 of the Dungeon
 37731 | Elf:1    | Entered Level 1 of the Elven Halls
 37738 | Orc:2    | Reached skill level 19 in Spellcasting
 38030 | Elf:1    | Found Piukly's One-of-a-Kind Books.
 38571 | Elf:1    | Reached XP level 15. HP: 64/76 MP: 19/40
 38829 | Elf:1    | Noticed a deep elf sorcerer
 38835 | Elf:1    | Killed a deep elf sorcerer
 38893 | Elf:1    | Identified the Incunabulum of Creative Damage Dealing
 40458 | Shoals:1 | Entered Level 1 of the Shoals
 40909 | Shoals:1 | Learned a level 5 spell: Bolt of Magma
 40916 | Shoals:1 | Learned a level 6 spell: Iron Shot
 41182 | Shoals:1 | Reached skill level 20 in Spellcasting
 41349 | Shoals:1 | Found Qyirizoq's Weapon Shoppe.
 41657 | Shoals:1 | Reached skill level 10 in Fire Magic
 42415 | Shoals:2 | Offered knowledge of Fireball by Vehumet.
 42424 | Shoals:2 | Learned a level 5 spell: Fireball
 42662 | Shoals:2 | Noticed a kraken
 42685 | Shoals:2 | Mangled by a tentacle

Skill      XL: |  1  2  3  4  5  6  7  8  9 10 11 12 13 14 15 |
---------------+----------------------------------------------+-----
Conjurations   | 5 6 7 9 10 11 12 13 14 | 14.9
Stealth        | 3 4 5 |  5.9
Dodging        | 3 4 5 6 7 |  7.6
Spellcasting   | 4 5 6 8 10 11 13 14 15 17 19 20 | 20.0
Evocations     | 1 2 5 |  5.1
Fighting       | 1 2 |  2.5
Earth Magic    | 3 5 7 8 |  8.2
Fire Magic     | 2 5 7 9 10 | 10.2
Translocations | 1 |  1.0
Ice Magic      | 3 9 10 | 10.2
Air Magic      | 1 4 5 |  5.1

Action                   |  1- 3 |  4- 6 |  7- 9 | 10-12 | 13-15 || total
-------------------------+-------+-------+-------+-------+-------++-------
Melee: War axe           |       |       |       |       |    16 ||    16
 Cast: Magic Dart        |    73 |    92 |   212 |   326 |   160 ||   863
       Searing Ray       |     2 |    13 |    53 |    23 |       ||    91
       Stone Arrow       |       |       |    17 |   318 |    47 ||   382
       Flame Tongue      |       |       |       |   117 |    33 ||   150
       Conjure Flame     |       |       |       |    14 |    16 ||    30
       Throw Icicle      |       |       |       |    41 |   417 ||   458
       Bolt of Cold      |       |       |       |     2 |    54 ||    56
       Apportation       |       |       |       |     2 |       ||     2
       Freezing Cloud    |       |       |       |       |    46 ||    46
       Airstrike         |       |       |       |       |    53 ||    53
       Bolt of Magma     |       |       |       |       |     1 ||     1
Evoke: Wand              |       |       |       |       |     1 ||     1
  Use: Scroll            |     7 |       |    10 |    21 |    14 ||    52
       Potion            |       |       |     1 |     1 |     4 ||     6
  Eat: Ration            |     1 |     1 |     2 |     7 |    15 ||    26
       Chunk             |       |     5 |    11 |    24 |    14 ||    54
Armor: Robe              |     7 |     3 |    18 |    39 |    50 ||   117
Dodge: Dodged            |    22 |    15 |   105 |   155 |   176 ||   473
